| TOP OF THE 1ST |
|
Toronto Blue Jays batting - Pitching for Texas Rangers : RHP Kelly Goosecock
|
|
Pitching: RHP Kelly Goosecock
|
|
|
Batting: RHB Donny Burnside
|
0-0: Fly out, F9 (Line Drive, 9S, EV 105.0 MPH)
|
|
Batting: RHB Danny Burnside
|
0-0: Foul Ball, location: 2F 0-1: Fly out, F8 (Line Drive, 8RM, EV 86.9 MPH)
|
|
Batting: RHB Efrain Vargas
|
0-0: Swinging Strike 0-1: Ball 1-1: Called Strike 1-2: Ground out 4-3 (Groundball, 4, EV 80.0 MPH)
|
| Top of the 1st over - 0 runs, 0 hits, 0 errors, 0 left on base; Toronto 0 - Texas 0 |
| BOTTOM OF THE 1ST |
|
Texas Rangers batting - Pitching for Toronto Blue Jays : RHP Matt Altieri
|
|
Pitching: RHP Matt Altieri
|
|
|
Batting: LHB Sean Geisler
|
0-0: Called Strike 0-1: Foul Ball, location: 2F 0-2: Strikes out swinging
|
|
Batting: RHB Marc Peckermark
|
0-0: Swinging Strike 0-1: Ball 1-1: Ball 2-1: Called Strike 2-2: Strikes out looking
|
|
Batting: RHB Zhao-ji Chi
|
0-0: SINGLE (Groundball, 34D, EV 101.9 MPH)
|
|
Batting: SHB Rich Chavez
|
0-0: Called Strike 0-1: Foul Ball, location: 2F 0-2: Ball 1-2: Ball 2-2: Fly out, F9 (Flyball, 9LM, EV 85.6 MPH)
|
| Bottom of the 1st over - 0 runs, 1 hit, 0 errors, 1 left on base; Toronto 0 - Texas 0 |
| TOP OF THE 2ND |
|
Toronto Blue Jays batting - Pitching for Texas Rangers : RHP Kelly Goosecock
|
|
Batting: SHB Dominik Hasek II
|
0-0: Called Strike 0-1: Swinging Strike 0-2: Foul Ball, location: 2F 0-2: Ball 1-2: Ball 2-2: SINGLE (Groundball, 4MS, EV 69.4 MPH) (infield hit)
|
|
Batting: RHB Butch Kaiser
|
0-0: Ball Dominik Hasek II steals 2nd base 1-0: Fly out, F3 (Popup, 3F, EV 66.9 MPH)
|
|
Batting: LHB Nate Dean
|
0-0: Swinging Strike 0-1: Ball 1-1: Ball 2-1: Called Strike Dominik Hasek II is caught stealing 3rd base 2-5 2-2: Ball 3-2: Strikes out swinging
|
| Top of the 2nd over - 0 runs, 1 hit, 0 errors, 0 left on base; Toronto 0 - Texas 0 |
| BOTTOM OF THE 2ND |
|
Texas Rangers batting - Pitching for Toronto Blue Jays : RHP Matt Altieri
|
|
Batting: RHB Imbart Faber
|
0-0: Swinging Strike 0-1: Called Strike 0-2: Strikes out swinging
|
|
Batting: SHB Hans Mikkelsen
|
0-0: SINGLE (Line Drive, 7S, EV 93.1 MPH)
|
|
Batting: SHB Tony Prado
|
0-0: Called Strike 0-1: Foul Ball, location: 2F 0-2: Ball 1-2: Ball 2-2: Grounds into double play, 1-6-3 (Groundball, 13, EV 68.1 MPH)
|
| Bottom of the 2nd over - 0 runs, 1 hit, 0 errors, 0 left on base; Toronto 0 - Texas 0 |
| TOP OF THE 3RD |
|
Toronto Blue Jays batting - Pitching for Texas Rangers : RHP Kelly Goosecock
|
|
Batting: RHB Steve Jordan
|
0-0: Foul Ball, location: 2F 0-1: Ball 1-1: Foul Ball, location: 2F 1-2: Foul Ball, location: 2F 1-2: Foul Ball, location: 2F 1-2: Ball 2-2: Foul Ball, location: 2F 2-2: Ball 3-2: Strikes out swinging
|
|
Batting: RHB Brock Van Gilder
|
0-0: Called Strike 0-1: Ball 1-1: Fly out, F8 (Flyball, 89M, EV 81.2 MPH)
|
|
Batting: SHB Spencer Jones
|
0-0: Ground out 1-3 (Groundball, 15S, EV 66.2 MPH)
|
| Top of the 3rd over - 0 runs, 0 hits, 0 errors, 0 left on base; Toronto 0 - Texas 0 |
| BOTTOM OF THE 3RD |
|
Texas Rangers batting - Pitching for Toronto Blue Jays : RHP Matt Altieri
|
|
Batting: RHB Hiroshige Yamada
|
0-0: Called Strike 0-1: Called Strike 0-2: SINGLE (Groundball, 5S, EV 70.6 MPH) (infield hit)
|
|
Batting: SHB Vince Ealy
|
0-0: Swinging Strike Passed Ball! Hiroshige Yamada to second 0-1: Foul Ball, location: 2F 0-2: Foul Ball, location: 2F 0-2: Ball 1-2: Ball 2-2: SINGLE (Line Drive, 8RS, EV 90.0 MPH) Hiroshige Yamada to third
|
|
Batting: LHB Sean Geisler
|
0-0: Called Strike 0-1: Called Strike 0-2: Ball 1-2: Ball 2-2: Foul Ball, location: 2F 2-2: Foul Ball, location: 2F 2-2: Foul Ball, location: 2F 2-2: Ball 3-2: Grounds into double play, 4-6-3 (Groundball, 4, EV 80.0 MPH) Hiroshige Yamada scores
|
|
Batting: RHB Marc Peckermark
|
0-0: Ball 1-0: Swinging Strike 1-1: Foul Ball, location: 2F 1-2: Strikes out swinging, 2-3 out at first.
|
| Bottom of the 3rd over - 1 run, 2 hits, 0 errors, 0 left on base; Toronto 0 - Texas 1 |
| TOP OF THE 4TH |
|
Toronto Blue Jays batting - Pitching for Texas Rangers : RHP Kelly Goosecock
|
|
Batting: RHB Donny Burnside
|
0-0: Called Strike 0-1: Ground out 3-1 (Groundball, 34, EV 85.0 MPH)
|
|
Batting: RHB Danny Burnside
|
0-0: Ground out 3-1 (Groundball, 34S, EV 70.0 MPH)
|
|
Batting: RHB Efrain Vargas
|
0-0: Ball 1-0: TRIPLE (Flyball, 78XD, EV 100.0 MPH)
|
|
Batting: SHB Dominik Hasek II
|
0-0: Ball 1-0: Called Strike 1-1: Swinging Strike 1-2: Foul Ball, location: 2F 1-2: Foul Ball, location: 2F 1-2: Ball 2-2: Strikes out swinging
|
| Top of the 4th over - 0 runs, 1 hit, 0 errors, 1 left on base; Toronto 0 - Texas 1 |
| BOTTOM OF THE 4TH |
|
Texas Rangers batting - Pitching for Toronto Blue Jays : RHP Matt Altieri
|
|
Batting: RHB Zhao-ji Chi
|
0-0: SOLO HOME RUN (Flyball, 7LD, EV 93.8 MPH), Distance : 338 ft
|
|
Batting: SHB Rich Chavez
|
0-0: DOUBLE (Line Drive, 78D, EV 105.6 MPH)
|
|
Batting: RHB Imbart Faber
|
0-0: Foul Ball, location: 2F 0-1: Swinging Strike 0-2: Ball 1-2: Strikes out swinging
|
|
Batting: SHB Hans Mikkelsen
|
0-0: Ball 1-0: Reached on error, E6 (Groundball, P, EV 85.0 MPH) Rich Chavez to third
|
|
Batting: SHB Tony Prado
|
0-0: Swinging Strike 0-1: Ball 1-1: Swinging Strike 1-2: Ball 2-2: Fly out, F8 (Flyball, 8LD, EV 85.6 MPH) Runner from 3rd tags up, SCORES, throw by CF
|
|
Batting: RHB Hiroshige Yamada
|
0-0: Ball Passed Ball! Hans Mikkelsen to second 1-0: Swinging Strike 1-1: Swinging Strike 1-2: Strikes out swinging
|
| Bottom of the 4th over - 2 runs, 2 hits, 1 error, 1 left on base; Toronto 0 - Texas 3 |
| TOP OF THE 5TH |
|
Toronto Blue Jays batting - Pitching for Texas Rangers : RHP Kelly Goosecock
|
|
Batting: RHB Butch Kaiser
|
0-0: Called Strike 0-1: Ball 1-1: Foul Ball, location: 2F 1-2: Ball 2-2: Ground out 4-3 (Groundball, 4, EV 91.9 MPH)
|
|
Batting: LHB Nate Dean
|
0-0: Called Strike 0-1: Reached on error, E6 (Groundball, 6, EV 91.9 MPH)
|
|
Batting: RHB Steve Jordan
|
0-0: Ball 1-0: Called Strike 1-1: Foul Ball, location: 2F 1-2: Ball 2-2: Ball 3-2: Strikes out swinging
|
|
Batting: RHB Brock Van Gilder
|
0-0: Ball 1-0: Ball 2-0: Called Strike 2-1: Foul Ball, location: 2F 2-2: Fly out, F6 (Line Drive, 56D, EV 73.8 MPH)
|
| Top of the 5th over - 0 runs, 0 hits, 1 error, 1 left on base; Toronto 0 - Texas 3 |
| BOTTOM OF THE 5TH |
|
Texas Rangers batting - Pitching for Toronto Blue Jays : RHP Matt Altieri
|
|
Batting: SHB Vince Ealy
|
0-0: Called Strike 0-1: Foul Ball, location: 2F 0-2: Ball 1-2: Strikes out swinging
|
|
Batting: LHB Sean Geisler
|
0-0: Ball 1-0: Swinging Strike 1-1: Foul Ball, location: 2F 1-2: Ball 2-2: Ground out 6-3 (Groundball, 4M, EV 80.0 MPH)
|
|
Batting: RHB Marc Peckermark
|
0-0: Ball 1-0: Foul Ball, location: 2F 1-1: Foul Ball, location: 2F 1-2: Ball 2-2: Strikes out looking
|
| Bottom of the 5th over - 0 runs, 0 hits, 0 errors, 0 left on base; Toronto 0 - Texas 3 |
| TOP OF THE 6TH |
|
Toronto Blue Jays batting - Pitching for Texas Rangers : RHP Kelly Goosecock
|
|
Batting: SHB Spencer Jones
|
0-0: Called Strike 0-1: Swinging Strike 0-2: Strikes out looking
|
|
Batting: RHB Donny Burnside
|
0-0: Ball 1-0: Fly out, F9 (Flyball, 9, EV 83.8 MPH)
|
|
Batting: RHB Danny Burnside
|
0-0: Ball 1-0: Ball 2-0: Foul Ball, location: 2F 2-1: Swinging Strike 2-2: Strikes out swinging
|
| Top of the 6th over - 0 runs, 0 hits, 0 errors, 0 left on base; Toronto 0 - Texas 3 |
| BOTTOM OF THE 6TH |
|
Texas Rangers batting - Pitching for Toronto Blue Jays : RHP Matt Altieri
|
|
Batting: RHB Zhao-ji Chi
|
0-0: Foul Ball, location: 2F 0-1: SOLO HOME RUN (Flyball, 7D, EV 98.1 MPH), Distance : 362 ft
|
|
Batting: SHB Rich Chavez
|
0-0: Foul Ball, location: 2F 0-1: Ball 1-1: Ball 2-1: Ball 3-1: Base on Balls
|
|
Batting: RHB Imbart Faber
|
0-0: Ball 1-0: Swinging Strike 1-1: Ball 2-1: Hit by Pitch Rich Chavez to second
|
|
Batting: SHB Hans Mikkelsen
|
0-0: Ball 1-0: SINGLE (Flyball, 8LS, EV 86.2 MPH) Rich Chavez to third Imbart Faber to second
|
|
Batting: SHB Tony Prado
|
0-0: Called Strike 0-1: SINGLE (Flyball, 89S, EV 90.6 MPH) Rich Chavez scores Imbart Faber to third Hans Mikkelsen to second
|
|
Pitching: RHP Justin Sedivy
|
|
|
Batting: RHB Hiroshige Yamada
|
0-0: Ball 1-0: Ball 2-0: Called Strike 2-1: Called Strike 2-2: Strikes out swinging
|
|
Batting: SHB Vince Ealy
|
0-0: Ball 1-0: SINGLE (Line Drive, 8RS, EV 112.5 MPH) Imbart Faber scores Hans Mikkelsen to third Tony Prado to second Runner from 3rd tries for Home, SAFE, throw by CF to home
|
|
Batting: LHB Sean Geisler
|
0-0: Foul Ball, location: 2F 0-1: Ball 1-1: Foul Ball, location: 2F 1-2: Foul Ball, location: 2F 1-2: Strikes out swinging
|
|
Batting: RHB Marc Peckermark
|
0-0: Called Strike 0-1: Fly out, F8 (Flyball, 8RXD, EV 87.5 MPH)
|
| Bottom of the 6th over - 4 runs, 4 hits, 0 errors, 2 left on base; Toronto 0 - Texas 7 |
| TOP OF THE 7TH |
|
Toronto Blue Jays batting - Pitching for Texas Rangers : RHP Kelly Goosecock
|
|
Batting: RHB Efrain Vargas
|
0-0: Ball 1-0: SINGLE (Line Drive, 4MD, EV 96.9 MPH)
|
|
Batting: SHB Dominik Hasek II
|
0-0: Ball 1-0: Ball 2-0: Foul Ball, location: 2F 2-1: Ball 3-1: Base on Balls Efrain Vargas to second
|
|
Batting: RHB Butch Kaiser
|
0-0: Ball 1-0: Called Strike 1-1: Ball 2-1: Grounds into double play, U3-6 (Groundball, 3L, EV 86.2 MPH) Efrain Vargas to third
|
|
Batting: LHB Nate Dean
|
0-0: Ball 1-0: Swinging Strike 1-1: Foul Ball, location: 2F 1-2: Ball 2-2: Ground out 6-3 (Groundball, 56D, EV 100.6 MPH)
|
| Top of the 7th over - 0 runs, 1 hit, 0 errors, 1 left on base; Toronto 0 - Texas 7 |
| BOTTOM OF THE 7TH |
|
Texas Rangers batting - Pitching for Toronto Blue Jays : RHP Justin Sedivy
|
|
Batting: RHB Zhao-ji Chi
|
0-0: Ball 1-0: Ball 2-0: Foul Ball, location: 2F 2-1: Ball 3-1: Called Strike 3-2: Strikes out swinging
|
|
Batting: SHB Rich Chavez
|
0-0: Ball 1-0: Foul Ball, location: 2F 1-1: Fly out, F8 (Line Drive, 8LM, EV 100.6 MPH)
|
|
Batting: RHB Imbart Faber
|
0-0: Ball 1-0: Swinging Strike 1-1: Called Strike 1-2: Ball 2-2: Foul Ball, location: 2F 2-2: Ball 3-2: Foul Ball, location: 2F 3-2: Foul Ball, location: 2F 3-2: Foul Ball, location: 2F 3-2: Base on Balls
|
|
Batting: SHB Hans Mikkelsen
|
0-0: Ball Passed Ball! Imbart Faber to second 1-0: Called Strike 1-1: Swinging Strike 1-2: Foul Ball, location: 2F 1-2: Strikes out swinging
|
| Bottom of the 7th over - 0 runs, 0 hits, 0 errors, 1 left on base; Toronto 0 - Texas 7 |
| TOP OF THE 8TH |
|
Toronto Blue Jays batting - Pitching for Texas Rangers : RHP Kelly Goosecock
|
|
Batting: RHB Steve Jordan
|
0-0: Foul Ball, location: 2F 0-1: Ball 1-1: Ball 2-1: Fly out, F8 (Line Drive, 8LD, EV 96.9 MPH)
|
|
Batting: RHB Brock Van Gilder
|
0-0: Foul Ball, location: 2F 0-1: Called Strike 0-2: Ball 1-2: Foul Ball, location: 2F 1-2: Foul Ball, location: 2F 1-2: Fly out, F7 (Line Drive, 78D, EV 93.1 MPH)
|
|
Batting: SHB Spencer Jones
|
0-0: Called Strike 0-1: Ball 1-1: SINGLE (Popup, P, EV 82.5 MPH)
|
|
Batting: RHB Donny Burnside
|
0-0: Ball 1-0: Ball 2-0: DOUBLE (Flyball, 89D, EV 108.8 MPH) Spencer Jones to third Runner from 3rd tries for Home, SAFE, throw by CF to trailing runner, SAFE at third!
|
|
Pitching: RHP Gavin Nelson
|
|
|
Batting: RHB Danny Burnside
|
0-0: Ball 1-0: Foul Ball, location: 2F 1-1: Ground out U3 (Groundball, 3S, EV 82.5 MPH)
|
| Top of the 8th over - 1 run, 2 hits, 0 errors, 1 left on base; Toronto 1 - Texas 7 |
| BOTTOM OF THE 8TH |
|
Texas Rangers batting - Pitching for Toronto Blue Jays : RHP Justin Sedivy
|
|
Batting: SHB Tony Prado
|
0-0: Ball 1-0: Called Strike 1-1: Ball 2-1: Called Strike 2-2: Ball 3-2: Fly out, F5 (Popup, 5SF, EV 76.2 MPH)
|
|
Batting: RHB Hiroshige Yamada
|
0-0: DOUBLE (Groundball, 5L, EV 100.0 MPH)
|
|
Pitching: LHP Tim Franco
|
|
|
Batting: SHB Vince Ealy
|
0-0: Swinging Strike 0-1: Ball Wild Pitch! Hiroshige Yamada to third 1-1: Foul Ball, location: 2F 1-2: Strikes out swinging
|
|
Batting: LHB Sean Geisler
|
0-0: Ball Passed Ball! Hiroshige Yamada scores 1-0: Ball 2-0: Ball 3-0: Called Strike 3-1: Called Strike 3-2: Foul Ball, location: 2F 3-2: Strikes out swinging
|
| Bottom of the 8th over - 1 run, 1 hit, 0 errors, 0 left on base; Toronto 1 - Texas 8 |
| TOP OF THE 9TH |
|
Toronto Blue Jays batting - Pitching for Texas Rangers : RHP Gavin Nelson
|
|
Batting: RHB Efrain Vargas
|
0-0: Ball 1-0: Ball 2-0: Ball 3-0: Base on Balls
|
|
Batting: SHB Dominik Hasek II
|
0-0: Ball 1-0: Ball 2-0: Called Strike 2-1: SINGLE (Groundball, 4MD, EV 104.4 MPH) Efrain Vargas to second
|
|
Batting: RHB Butch Kaiser
|
0-0: Ball 1-0: Called Strike 1-1: Swinging Strike 1-2: Strikes out swinging
|
|
Batting: LHB Nate Dean
|
0-0: Swinging Strike 0-1: Foul Ball, location: 2F 0-2: Foul Ball, location: 2F 0-2: Ball 1-2: Ball 2-2: Strikes out swinging
|
|
Batting: RHB Steve Jordan
|
0-0: Ball 1-0: Ball 2-0: Ball 3-0: Base on Balls Efrain Vargas to third Dominik Hasek II to second
|
|
Batting: RHB Brock Van Gilder
|
0-0: Ball 1-0: Foul Ball, location: 2F 1-1: Swinging Strike 1-2: Ball 2-2: Foul Ball, location: 2F 2-2: Ball 3-2: Strikes out swinging
|
| Top of the 9th over - 0 runs, 1 hit, 0 errors, 3 left on base; Toronto 1 - Texas 8 |
|